 Dungeon Crawl Stone Soup version 0.27-a0-448-gace5c5693b (webtiles) character file.

Game seed: 16633682174444088800

108 srzhan31 the Conjurer (level 4, -1/24 HPs)
             Began as a Deep Elf Conjurer on Feb 27, 2021.
             Slain by Pikel
             ... wielding a +0 whip of freezing
              (2 damage)
             ... on level 4 of the Dungeon.
             The game lasted 00:21:04 (2447 turns).

srzhan31 the Conjurer (Deep Elf Conjurer)           Turns: 2447, Time: 00:21:04

Health: -1/24      AC:  3    Str:  4    XL:     4   Next: 58%
Magic:  5/12       EV: 13    Int: 24    God:
Gold:   182        SH:  0    Dex: 13    Spells: 8/11 levels left

rFire    . . .     SeeInvis +   j - +0 rapier
rCold    . . .     Faith    .   (no shield)
rNeg     . . .     Spirit   .   a - +0 robe
rPois    .         Reflect  .   (no helmet)
rElec    .         Harm     .   (no cloak)
rCorr    .         Rampage  .   (no gloves)
Will     .....                  o - +0 pair of boots
Stlth    ++........             (no amulet)
HPRegen  0.08/turn              g - ring of see invisible
MPRegen  0.13/turn              (no ring)

@: no status effects
A: no striking features
a: no special abilities


You were on level 4 of the Dungeon.
You visited 1 branch of the dungeon, and saw 4 of its levels.

You collected 182 gold pieces.

Inventory:

Hand Weapons
 j - a +0 rapier (weapon)
 s - a +2 falchion of holy wrath
Missiles
 f - 26 arrows
Armour
 a - a +0 robe (worn)
 o - a +0 pair of boots (worn)
Jewellery
 g - a ring of see invisible (left hand)
Scrolls
 c - 4 scrolls of amnesia {unknown}
 d - 2 scrolls of identify {unknown}
 i - a scroll of blinking {unknown}
 k - a scroll of enchant weapon {unknown}
 n - a scroll of teleportation {unknown}
Potions
 b - 2 potions of heal wounds {unknown}
 e - a potion of curing {unknown}
 h - a potion of invisibility {unknown}
 l - a potion of lignification {unknown}
 m - a potion of haste {unknown}
 p - 2 potions of ambrosia {unknown}
 q - a potion of attraction {unknown}
 r - a potion of degeneration {unknown}


   Skills:
 + Level 2.6 Dodging
 + Level 2.9 Stealth
 + Level 4.2 Spellcasting
 + Level 5.8 Conjurations


You had 8 spell levels left.
You knew the following spells:

 Your Spells              Type           Power        Failure   Level
a - Magic Dart            Conj           100%         1%          1
b - Searing Ray           Conj           66%          1%          2

Your spell library contained the following spells:

 Spells                   Type           Power        Failure   Level
 Dazzling Flash           Conj/Hex       38%          9%          3
 Fulminant Prism          Conj/Hex       9%           28%         4
 Iskenderun's Mystic Bla  Conj/Tloc      19%          28%         4


Dungeon Overview and Level Annotations

Branches:
Dungeon (4/15)
 Temple: D:4-7

Altars:
Kikubaaqudgha
Nemelex Xobeh
Trog

Annotations:
D:4 Ijyb, Pikel


Message History

The lemure barely misses you. The lemure hits you. The lemure misses you.
The lemure closely misses you.
An adder and an orc come into view.
The adder hisses angrily.
The lemure hits you!
* * * LOW HITPOINT WARNING * * *
A lemure comes into view.
The orc moves out of view.
Found a stone staircase leading up.
Casting: Searing Ray (safe; 1% risk of failure)
Confirm with . or Enter, or press ? or * to list all spells.
Aiming: Searing Ray (safe; 1% risk of failure)
Press: ? - help, Shift-Dir - straight line, f - lemure, p - lemure
Aim: a lemure (moderately wounded, 24% to evade)
The searing ray misses the lemure. (Press . to maintain the ray.)
The lemure closely misses you. The lemure hits you.
* * * LOW HITPOINT WARNING * * *
The searing ray hits the lemure!
The lemure is heavily wounded.
The searing ray hits Pikel!
Pikel is moderately wounded.
The searing ray hits the orc!
You kill the orc!
The searing ray hits the lemure!
The lemure is almost dead.
An orc priest comes into view. It is wielding a +0 mace.
The lemure barely misses you.
The searing ray hits Pikel!
Pikel is heavily wounded.
The searing ray hits the lemure.
The lemure is severely wounded.
The searing ray hits the lemure.
The lemure is almost dead.
An orc comes into view. It is wielding a +0 hand axe.
The adder barely misses you. The lemure hits you but does no damage.
Pikel hits you with a +0 whip of freezing.
* * * LOW HITPOINT WARNING * * *
Pikel freezes you.
You die...

........# #.......#
#......<# #.......# #
#.......# .# #.......#
###### ..#
#.......######....# ...#
#........5...#....#....#
#.......@K.5('.o..'....#
#.......S5...######....#
#..........o..o.. ....#
#...........5..... ...#
#......########### ...#
#...... ..# +...... ..#
....<.


You could see Pikel, 4 lemures, an orc priest (wandering), an adder and 2 orcs.

Vanquished Creatures
  A hound zombie (D:2)
  3 adders
  An ooze (D:2)
  2 dart slugs
  A leopard gecko (D:3)
  2 orcs
  3 giant cockroaches
  5 goblins
  6 hobgoblins
  7 jackals
  A quokka (D:2)
  A ball python (D:2)
  4 bats
  3 frilled lizards
  7 kobolds
  9 rats
56 creatures vanquished.

Notes
Turn   | Place    | Note
-------+----------+-------------------------------------------
     0 | D:1      | srzhan31 the Deep Elf Conjurer began the quest for the Orb.
     0 | D:1      | Reached XP level 1. HP: 10/10 MP: 6/6
   232 | D:1      | Reached XP level 2. HP: 15/15 MP: 4/8
   252 | D:1      | Learned a level 2 spell: Searing Ray
   622 | D:1      | Reached skill level 5 in Conjurations
   924 | D:1      | Found a sparkling altar of Nemelex Xobeh.
   979 | D:2      | Reached XP level 3. HP: 19/19 MP: 3/9
  1366 | D:2      | Reached XP level 4. HP: 24/24 MP: 7/11
  1492 | D:2      | Found an ancient bone altar of Kikubaaqudgha.
  1497 | D:2      | Found a bloodstained altar of Trog.
  2402 | D:4      | Noticed Ijyb
  2429 | D:4      | Noticed a lemure
  2430 | D:4      | Noticed a lemure
  2430 | D:4      | Noticed Pikel
  2438 | D:4      | Noticed a lemure
  2442 | D:4      | Noticed a lemure
  2447 | D:4      | HP: 1/24 [Pikel/+0 whip of freezing (5)]
  2447 | D:4      | Slain by Pikel

Illustrated notes

Levels and vault maps discovered:
D:1:      elethiomel_arrival_maze, layout_loops_ring,
          nemelex_xobeh_ov_fountains_minmay
D:2:      layout_loops_ring, grunt_temple_overflow_open
D:3:      layout_basic
D:4:      layout_gridville, nzn_hepliaklqana_mist_gate, uniq_grinder,
          uniq_pikel, uniq_crazy_yiuf_cottage, uniq_ijyb

Skill      XL: |  1  2  3  4 |
---------------+-------------+-----
Conjurations   | 5 |  5.8
Spellcasting   | 4 |  4.2
Dodging        | |  2.6
Stealth        | |  2.9

Action                   |  1- 3 |  4- 6 || total
-------------------------+-------+-------++-------
 Cast: Magic Dart        |    46 |    13 ||    59
       Searing Ray       |    11 |     8 ||    19
Armor: Robe              |     4 |     2 ||     6
Dodge: Dodged            |    10 |    12 ||    22

Table legend: (Time is in decaauts)
 A = Elapsed time spent in this place.
 B = Non-inter-level travel time spent in this place.
 C = Inter-level travel time spent in this place.
 D = Time resting spent in this place.
 E = Time spent auto-exploring this place.
 F = Levels seen in this place.
 G = Mean time per level.
                   A        B        C        D        E       F      G
               +--------+--------+--------+--------+--------+-----+--------+
         Total |   2445 |   2445 |      0 |      0 |      0 |   4 |  611.2 |
       Dungeon |   2445 |   2445 |      0 |      0 |      0 |   4 |  611.2 |
               +--------+--------+--------+--------+--------+-----+--------+

Top non-repeatable levels by time:
     D:1: 961 daAuts
     D:2: 829 daAuts
     D:3: 604 daAuts
     D:4: 49 daAuts
